Map: Prion Terraces

Players

lesha

  • Race: Terran Terran
  • League: Gold

Eevee - Winner!

  • Race: Terran Terran
  • League: Silver

VOD

Have the link to the VOD?

Description

Time

  • Played on: Jan. 6, 2016, 10:33 p.m.
  • Length: 6:25
Show
View Real Time Build Order
Export as new Build Order

lesha Terran 

Build Orders: Reaper Expand 

Get SALT Encoding   

  12  0:01  SCV  
  13  0:13  SCV  
  14  0:21  Supply Depot  
  14  0:27  SCV  
  15  0:43  SCV  
  15  0:44  Barracks  
  16  0:50  Refinery  
  16  0:55  SCV  
  17  1:07  SCV  
  18  1:19  SCV  
  19  1:31  Orbital Command  
  19  1:34  Reaper  
  20  1:43  Command Center  
  20  1:55  Supply Depot  
  20  1:58  Refinery  
  20  1:59  SCV  
  21  2:07  Barracks Reactor  
  21  2:18  SCV  
  21  2:21  Barracks  
  22  2:30  SCV  
  23  2:49  Marine x2  
  24  2:52  SCV  
  24  2:56  Orbital Command  
  25  3:04  SCV, Factory  
  26  3:06  Barracks  
  26  3:09  Marine x2  
  26  3:11  Barracks Reactor  
  28  3:16  SCV  
  29  3:25  Engineering Bay  
  29  3:27  SCV  
  29  3:28  SCV  
  29  3:30  Marine  
  29  3:32  Marine  
  33  3:39  SCV  
  34  3:42  SCV  
  34  3:47  Marine  
  34  3:48  Marine x2  
  37  3:50  Marine  
  37  3:51  Factory Tech Lab, SCV  
  37  3:54  SCV  
  41  3:59  Missile Turret  
  41  4:04  Missile Turret  
  41  4:05  SCV  
  41  4:06  SCV  
  43  4:13  Missile Turret  
  43  4:14  Marine x3  
  43  4:16  Barracks Tech Lab  
  46  4:26  Supply Depot  
  46  4:30  Supply Depot  
  46  4:40  Starport  
  46  4:47  Marine x4  
  46  4:48  SCV x2  
  46  5:04  Marine  
  46  5:05  Marine  
  41  5:25  Marine  
  41  5:26  Marine  
  41  5:27  Marine x2  
  27  5:38  Marine  
  27  5:48  Siege Tank  
  21  6:04  Marine x3  
  16  6:12  SCV x2  
Show
View Real Time Build Order
Export as new Build Order

Eevee Terran - Winner!

Build Orders:  

Get SALT Encoding   

  12  0:01  SCV  
  13  0:13  SCV  
  14  0:18  Supply Depot  
  14  0:25  SCV  
  15  0:29  Refinery  
  15  0:42  Barracks  
  15  0:44  SCV  
  16  0:58  SCV  
  17  1:10  SCV  
  18  1:11  Refinery  
  19  1:29  Orbital Command  
  19  1:32  Factory, Marine  
  19  1:41  Supply Depot  
  19  1:50  Barracks Reactor  
  19  1:55  SCV  
  20  2:05  Factory  
  20  2:10  SCV  
  21  2:23  SCV  
  21  2:28  Supply Depot  
  22  2:40  Hellion x2, Barracks Tech Lab  
  26  2:48  SCV  
  27  3:06  Siege Tank, Widow Mine x2  
  27  3:09  SCV  
  35  3:13  Supply Depot  
  35  3:17  Supply Depot  
  35  3:21  SCV  
  36  3:35  SCV  
  36  3:38  Cyclone  
  42  3:41  Hellion  
  42  3:42  Hellion  
  42  3:47  SCV  
  45  4:01  SCV  
  46  4:06  Hellion x2  
  50  4:10  Cyclone  
  50  4:15  Supply Depot  
  53  4:18  SCV, Supply Depot  
  54  4:28  Engineering Bay  
  54  4:30  SCV  
  55  4:44  Command Center  
  55  5:07  SCV  
  56  5:08  Cyclone  
  56  5:10  Hellion x2  
  53  5:37  SCV  
  53  5:38  Widow Mine x2  
  53  5:40  Siege Tank  
  59  6:06  SCV  
  59  6:10  Command Center  
Tags
 
Add a new tag
Caveats
  • Supply blocks, unpowered buildings, or Contaminate may cause inaccurate times.
  • Supply counts are checked every 10 seconds.